cohdb
Replays
Latest Replays
All Replays
Popular Replays
Top Player Replays
Match Explorer
How It Works
Community
CoH3 Stats
Reddit
Sign in to upload your games and track your stats! →
Sign in with Steam
Match 43864009
Unlisted
Match 43864009
Overview
Messages
Build Orders
End
Vickers Machine Gun Team
Construct Section Command Post
Infantry Section
Selects Indian Artillery Battlegroup
Infantry Section
Infantry Section
Construct Platoon Command Post
Humber Armored Car
CMP 15cwt Truck
6-pounder Anti-tank Gun Team
Vettlen
jordstg
Thib_Soldier
Lord Curzon
[PBS] Sigizmund
Zerg6412
moon
simranjitsingh713
0
0
Comments
sign in to comment!
No comments posted yet!